 Dungeon Crawl Stone Soup version 0.29.1-4-g47bece8355 (webtiles) character file.

Game seed: 11489822264957968694

198879 Henri the Imperceptible (level 18, -2/77 (91) HPs)
             Began as a Vine Stalker Enchanter on Dec 3, 2022.
             Was the Champion of Wu Jian.
             Slain by a +4 dire flail of draining (5 damage)
             ... on level 2 of the Elven Halls.
             The game lasted 03:29:36 (36113 turns).

Henri the Imperceptible (Vine Stalker Enchanter)   Turns: 36113, Time: 03:29:37

HP:   -2/77 (91)    AC: 11    Str: 19    XL:     18   Next: 90%
MP:   0/37          EV: 14    Int: 24    God:    Wu Jian [******]
Gold: 3785          SH:  5    Dex: 17    Spells: 17/46 levels left

rFire   x . .      SeeInvis +   v - +7 rapier of Modesty {speed, rF- Str+5 SInv}
rCold   + + +      Faith    .   T - +1 buckler {rF+}
rNeg    + . .      Spirit   +   L - +1 leather armour of the Lusting Gods {rElec rPois Int+3}
rPois   +          Reflect  .   E - +2 helmet {SInv}
rElec   +          Harm     .   p - scarf {repulsion}
rCorr   .          Rampage  .   K - +2 pair of gloves {Stlth+}
Will    ++...                   o - +0 pair of boots
Stlth   +++++++++.              i - amulet "Russajiu" {Acrobat rC++ Str+3}
HPRegen 1.02/turn               k - ring of Fuuvipuq {Ice rN+}
MPRegen 0.25/turn               W - ring of flight

@: exhausted, flying, hasted, heavily drained, repel missiles, very quick
A: fangs 3, regeneration 1, magic shield, antimagic bite, no potion heal 2
a: Renounce Religion, Wall Jump, Serpent's Lash, Heavenly Storm


You were on level 2 of the Elven Halls.
You worshipped Wu Jian.
Wu Jian was exalted by your worship.
You visited 8 branches of the dungeon, and saw 31 of its levels.
You also visited: Ossuary, Bailey, Ice Cave and Volcano.

You collected 3912 gold pieces.
You spent 127 gold pieces at shops.

Inventory:

Hand Weapons
 l - a +2 demon blade of freezing
 v - the +7 rapier of Modesty (weapon) {speed, rF- Str+5 SInv}
   (You found it on level 12 of the Dungeon)

   Attacks with this weapon are significantly faster.
   Str:       It affects your strength (+5).
   rF:        It makes you vulnerable to fire.
   SInv:      It lets you see invisible.
Missiles
 a - 8 datura-tipped darts
 e - a curare-tipped dart
 g - 4 atropa-tipped darts
 y - 3 throwing nets
 B - 38 poisoned darts (quivered)
Armour
 h - a +0 pair of gloves of stealth
 o - a +0 pair of boots (worn)
 p - a scarf of repulsion (worn)
 C - a scarf of shadows
 E - a +2 helmet of see invisible (worn)
 K - a +2 pair of gloves of stealth (worn)
 L - the +1 leather armour of the Lusting Gods (worn) {rElec rPois Int+3}
   (You found it on level 2 of the Swamp)

   Int:       It affects your intelligence (+3).
   rElec:     It insulates you from electricity.
   rPois:     It protects you from poison.
 P - a +0 buckler of cold resistance
 Q - the +2 robe of Baldness {rC- Will+++ rCorr Stlth+}
   (You found it on level 2 of the Elven Halls)

   rC:        It makes you vulnerable to cold.
   rCorr:     It protects you from acid and corrosion.
   Will:      It greatly increases your willpower.
   Stlth:     It makes you more stealthy.
 T - a +1 buckler of fire resistance (worn)
Jewellery
 i - the amulet "Russajiu" (around neck) {Acrobat rC++ Str+3}
   (You acquired it on level 9 of the Dungeon)

   [amulet of the acrobat]

   It increases your evasion while moving and waiting.
   Str:       It affects your strength (+3).
   rC:        It greatly protects you from cold.
 k - the ring of Fuuvipuq (left hand) {Ice rN+}
   (You took it off a frost giant in an ice cave)

   [ring of ice]

   It enhances your ice magic.
   rF:        It makes you vulnerable to fire.
   rC:        It protects you from cold.
   rN:        It protects you from negative energy.
 m - a ring of protection from fire
 x - a ring of ice
 H - a ring of protection from cold
 J - a ring of positive energy
 N - a +6 ring of intelligence
 W - a ring of flight (right hand)
Wands
 q - a wand of flame (67)
 r - a wand of polymorph (38)
 s - a wand of mindburst (6)
 t - a wand of paralysis (10)
 G - a wand of roots (45)
 O - a wand of acid (27)
Scrolls
 b - 3 scrolls of butterflies
 d - 2 scrolls of magic mapping
 f - 14 scrolls of teleportation
 n - 2 scrolls of silence
 D - 4 scrolls of poison
Potions
 c - 8 potions of invisibility
 j - 16 potions of curing
 u - 5 potions of cancellation
 w - 5 potions of ambrosia
 z - 6 potions of might
 A - 3 potions of resistance
 F - 8 potions of brilliance
 I - 3 potions of magic
 M - 5 potions of haste
 S - 3 potions of berserk rage


   Skills:
 - Level 8.6 Fighting
 - Level 14.0 Short Blades
 + Level 3.4 Armour
 + Level 6.5 Dodging
 - Level 23.6 Stealth
 + Level 14.7 Spellcasting
 + Level 14.9 Hexes


You had 17 spell levels left.
You knew the following spells:

 Your Spells              Type           Power      Damage    Failure   Level
a - Confusing Touch       Hex            73%        N/A       1%          3
b - Ensorcelled Hibernat  Hex/Ice        100%       N/A       1%          2
c - Tukima's Dance        Hex            73%        N/A       1%          3
d - Dazzling Flash        Conj/Hex       100%       N/A       1%          3
e - Summon Guardian Gole  Hex/Summ       52%        N/A       1%          3
f - Blink                 Tloc           34%        N/A       8%          2
g - Metabolic Englaciati  Hex/Ice        34%        N/A       7%          5
h - Fulminant Prism       Conj/Hex       26%        3d14      2%          4
i - Cause Fear            Hex            36%        N/A       1%          4

Your spell library contained the following spells:

 Spells                   Type           Power      Damage    Failure   Level
 Inner Flame              Hex/Fire       52%        N/A       1%          3
 Portal Projectile        Hex/Tloc       100%       N/A       1%          3
 Leda's Liquefaction      Hex/Erth       26%        N/A       2%          4
 Beastly Appendage        Tmut           34%        N/A       5%          1
 Magic Dart               Conj           68%        1d6       5%          1
 Shock                    Conj/Air       68%        1d7       5%          1
 Summon Small Mammal      Summ           68%        N/A       5%          1
 Silence                  Hex/Air        26%        N/A       7%          5
 Call Imp                 Summ           17%        N/A       8%          2
 Scorch                   Fire           34%        2d6       8%          2
 Wereblood                Tmut           17%        N/A       8%          2
 Call Canine Familiar     Summ           17%        N/A       16%         3
 Mephitic Cloud           Conj/Pois/Air  17%        N/A       16%         3
 Spider Form              Tmut/Pois      17%        N/A       16%         3
 Swiftness                Air            17%        N/A       16%         3
 Airstrike                Air            8%         2d(2-18)  45%         4
 Animate Armour           Summ/Erth      34%        N/A       45%         4
 Flame Wave               Conj/Fire      17%        2d7       45%         4
 Passage of Golubria      Tloc           17%        N/A       45%         4
 Petrify                  Tmut/Erth      17%        N/A       45%         4
 Discord                  Hex            36%        N/A       58%         8
 Blade Hands              Tmut           8%         N/A       82%         5
 Borgnjor's Vile Clutch   Necr/Erth      8%         N/A       82%         5
 Manifold Assault         Tloc           17%        N/A       82%         5
 Statue Form              Tmut/Erth      11%        N/A       100%        6
 Summon Cactus Giant      Summ           8%         N/A       100%        6
 Storm Form               Tmut/Air       8%         N/A       100%        7
 Lehudib's Crystal Spear  Conj/Erth      8%         10d4      100%        8
 Chain Lightning          Conj/Air       8%         3d11      100%        9
 Fire Storm               Conj/Fire      8%         8d2       100%        9
 Shatter                  Erth           8%         3d10*     100%        9


Dungeon Overview and Level Annotations

Branches:
Dungeon (15/15)            Temple (1/1) D:4            Lair (5/5) D:9
  Swamp (3/4) Lair:3        Snake (2/4) Lair:2        Slime (1/5) Lair:5
    Orc (2/2) D:11            Elf (2/3) Orc:2        Vaults (0/5) D:13
 Depths (0/4) D:15        Ossuary (visited)          Bailey (visited)
  IceCv (visited)         Volcano (visited)

Altars:
Ashenzari
Cheibriados
Dithmenos
Elyvilon
Fedhas
Gozag
Hepliaklqana
Kikubaaqudgha
Makhleb
Nemelex Xobeh
Okawaru
Qazlal
Ru
Sif Muna
Trog
Uskayaw
Vehumet
Wu Jian
Xom
Yredelemnul
Zin
The Shining One
Jiyva
Lugonu

Shops:
D:14 **   Orc:2 **:!

Annotations:
Lair:1 3 runed translucent doors, Bilamnug's ghost, journeyman HOFi; kalagan's ghost, journeyman DECj; kalagan's ghost, novice DEEE
Snake:2 1 runed translucent door, exclusion: oklob plant, Azrael; Jorgrun
Orc:1 2 runed translucent doors, exclusion: orange crystal statue


Innate Abilities, Weirdness & Mutations

You have razor-sharp teeth.
Your natural rate of healing is unusually fast.
When hurt, damage is shared between your health and your magic reserves.
Your bite disrupts and absorbs the magic of your enemies.
Potions cannot restore your health.


Message History

You hit the +4 dire flail of draining.
Your bite misses the +4 dire flail of draining.
The +4 dire flail of draining is moderately damaged.
You puncture the +4 dire flail of draining!
The +4 dire flail of draining is heavily damaged.
The +4 dire flail of draining barely misses you.
You barely miss the +4 dire flail of draining.
The +4 dire flail of draining is heavily damaged.
The +4 dire flail of draining closely misses you.
You miss the +4 dire flail of draining.
The +4 dire flail of draining is heavily damaged.
You miss the +4 dire flail of draining.
Your bite misses the +4 dire flail of draining.
The +4 dire flail of draining is heavily damaged.
The +4 dire flail of draining hits you! You partially resist.
You feel drained.
You barely miss the +4 dire flail of draining.
Your bite misses the +4 dire flail of draining.
The +4 dire flail of draining is heavily damaged.
You completely miss the +4 dire flail of draining.
Your bite misses the +4 dire flail of draining.
The +4 dire flail of draining is heavily damaged.
The +4 dire flail of draining hits you!!
You partially resist.
You feel drained.
You puncture the +4 dire flail of draining!
The +4 dire flail of draining is almost destroyed.
The +4 dire flail of draining hits you!!
You partially resist.
You feel drained.
* * * LOW HITPOINT WARNING * * *
You swap places.
The +4 dire flail of draining hits your guardian golem!!!
Your guardian golem overheats!
Your muscles tense, ready for explosive movement...
Your supernatural speed expires.
You hear an explosion!
You hear a shout! x2
You feel yourself speed up.
You reach down and open the door.
The +4 dire flail of draining hits you!!
* * * LOW HITPOINT WARNING * * *
You partially resist.
You feel drained.
You die...

#........<..'[.......<.
#...........#####.#####
##..........# #.#
##....)....# #.#
##........# #.#
##.......# #.#
##.....(# #.# #'######
#.##### #@# #..>... #(#
#...(..
#.##########.#####
#...........>#
#.##########.# #..# #.#
#..# ######+##
#..####.......#
#....()........


You could see a +4 dire flail of draining.

Vanquished Creatures
  A tentacled monstrosity (Swamp:2)
  Gastronok (Lair:3)
  A thorn hunter (Swamp:2)
  Roxanne (Snake:1)
  A fenstrider witch (Swamp:2)
  4 frost giants (IceCv)
  An orc warlord (Orc:2)
  2 quicksilver oozes (Slime:1)
  A very ugly thing (D:14)
  7 eleionomae
  A white draconian (IceCv)
  A deep elf annihilator (Elf:1)
  4 bunyips
  A fire dragon (Volcano)
  3 shambling mangroves
  9 hydras
  6 ice dragons (IceCv)
  4 boulder beetles
  A spriggan air mage (Swamp:2)
  2 centaur warriors
  6 ironbound frosthearts (IceCv)
  5 vault guards (D:13)
  7 anacondas
  An ogre mage (D:13)
  2 catoblepae
  9 dancing weapons
  3 two-headed ogres
  4 naga warriors
  3 death yaks
  A death knight (D:15)
  A shock serpent (Snake:1)
  4 alligators
  2 tengu warriors
  A spriggan berserker (Swamp:3)
  3 deep elf knights (Elf:1)
  6 goliath frogs
  5 spriggan druids
  3 naga ritualists
  3 swamp dragons
  4 deep elf archers (Elf:1)
  4 orc knights
  3 bog bodies
  An orange crystal statue (IceCv)
  A lindwurm (Volcano)
  5 large abominations (D:9)
  Pikel (D:5)
  4 wizards
  A necromancer (D:15)
  14 deep elf zephyrmancers
  7 mana vipers
  11 deep elf pyromancers
  An orc sorcerer (D:15)
  26 ugly things
  5 will-o-the-wisps
  6 cyclopes
  2 centaur zombies (D:15)
  5 elephants
  3 manticores
  23 black mambas
  Joseph (D:12)
  5 naga magi
  2 ice statues (Swamp:3)
  A gargoyle (D:12)
  A centaur skeleton (D:15)
  A torpor snail (Lair:4)
  A molten gargoyle (Volcano)
  10 cane toads
  3 unseen horrors
  10 rime drakes
  2 kobold demonologists (D:11)
  12 komodo dragons
  An efreet (D:14)
  A yaktaur (D:13)
  2 tengu conjurers (D:15)
  3 meliai (D:15)
  7 trolls
  12 polar bears
  A raiju (shapeshifter) (D:15)
  8 tyrant leeches
  14 hornets
  A wolf spider simulacrum (D:15)
  30 blink frogs
  8 dream sheep
  22 slime creatures
  6 wraiths
  A water elemental (Elf:1)
  2 wyverns
  19 spriggans
  4 shadows
  2 vampires (D:11)
  A basilisk (shapeshifter) (D:15)
  40 yaks
  3 fire elementals (Elf:1)
  12 fire bats (Volcano)
  7 steam dragons
  6 basilisks
  A human (D:13)
  Menkaure (D:5)
  15 vampire mosquitoes
  Grum (D:11)
  5 wargs
  Edmund (D:5)
  8 nagas
  The ghost of GorkyZ the Trooper, an amateur GrFi (D:3)
  7 swamp worms
  3 acid dragons
  14 water moccasins
  3 hell hounds
  2 sky beasts (D:7)
  30 orc warriors
  9 black bears
  3 swamp drakes (Swamp:1)
  5 boggarts (Lair:5)
  24 wolves
  3 ogres
  19 centaurs
  3 phantoms
  7 kobold brigands
  4 bullfrogs
  A gnoll sergeant (D:8)
  2 necrophages (D:5)
  7 small abominations (D:9)
  2 scorpions
  2 earth elementals (Elf:1)
  2 wights (D:8)
  A killer bee (D:10)
  8 howler monkeys
  4 electric eels (Lair:5)
  7 lava snakes (Volcano)
  2 hounds (D:4)
  14 orc priests
  4 jellies
  Crazy Yiuf (D:7)
  An iron imp (D:6)
  11 orc wizards
  7 iguanas
  A mummy (Ossuary)
  7 gnolls
  6 adders
  5 white imps
  2 ufetubi (D:5)
  A worm (D:2)
  5 dart slugs
  50 orcs
  10 bats
  6 endoplasms
  2 giant cockroaches (D:3)
  11 hobgoblins
  4 jackals
  4 quokkas
  10 ball pythons
  3 frilled lizards
  5 gnoll skeletons (Ossuary)
  12 goblins
  A goblin zombie (D:5)
  19 kobolds
  2 kobold skeletons (Ossuary)
  18 orc skeletons (Ossuary)
  6 rats
  2 rat zombies (D:5)
947 creatures vanquished.

Vanquished Creatures (collateral kills)
  A centaur warrior (D:13)
  An orc knight (Orc:2)
  A salamander (Snake:1)
  A naga mage (Snake:1)
  Maggie (D:6)
  Sigmund (D:5)
  A yak (D:9)
  14 orc warriors
  An ogre (Orc:1)
  3 centaurs
  2 kobold brigands (Bailey)
  4 wights (D:8)
  2 orc priests
  4 orc wizards
  A gnoll (D:8)
  19 orcs
  2 goblins (D:9)
  9 kobolds
68 creatures vanquished.

Vanquished Creatures (others)
  An orc knight (Bailey)
  A mana viper (Snake:1)
  A rime drake (IceCv)
  A spriggan (Lair:5)
  69 dancing weapons
  A water moccasin (Lair:5)
  A wolf (Lair:5)
  A centaur (Orc:2)
  A gnoll (D:8)
  An orc (D:8)
  18 foxfires (Swamp:1)
  29 fulminant prisms
  26 fungi
  113 plants
  4 withered plants (Lair:1)
268 creatures vanquished.

Grand Total: 1283 creatures vanquished

Notes
Turn   | Place    | Note
-------+----------+-------------------------------------------
     0 | D:1      | Henri the Vine Stalker Enchanter began the quest for the
                  | Orb.
     0 | D:1      | Reached XP level 1. HP: 9/9 MP: 4/4
     9 | D:1      | Reached skill level 1 in Short Blades
    77 | D:1      | Reached XP level 2. HP: 13/13 MP: 6/6
    80 | D:1      | Learned a level 2 spell: Ensorcelled Hibernation
   198 | D:1      | Reached skill level 4 in Stealth
   401 | D:1      | Reached XP level 3. HP: 13/16 MP: 5/7
   900 | D:2      | Learned a level 3 spell: Confusing Touch
  1149 | D:2      | Gained mutation: Your natural rate of healing is unusually
                  | fast. [Vine Stalker growth]
  1149 | D:2      | Reached XP level 4. HP: 21/21 MP: 8/8
  1278 | D:2      | You fall into a shaft and drop 1 floor!
  1321 | D:3      | Found a glowing silver altar of Zin.
  1412 | D:3      | Identified the +1 robe of New Discoveries {Int+4}
  1508 | D:2      | Found a faded altar of an unknown god.
  1713 | D:3      | Learned a level 3 spell: Tukima's Dance
  1889 | D:3      | Found a runed translucent door.
  2047 | D:3      | Found a blossoming altar of Fedhas.
  2176 | D:3      | Reached skill level 5 in Stealth
  2176 | D:3      | Reached XP level 5. HP: 24/24 MP: 8/10
  2414 | D:3      | Noticed GorkyZ's ghost (amateur GrFi)
  2454 | D:4      | Found a staircase to the Ecumenical Temple.
  2478 | Temple   | Entered the Ecumenical Temple
  2526 | Temple   | Became a worshipper of the Wu Jian Council
  2648 | D:4      | Reached XP level 6. HP: 28/28 MP: 9/11
  3005 | D:4      | Reached skill level 6 in Stealth
  3416 | D:5      | Entered Level 5 of the Dungeon
  3492 | D:5      | Reached XP level 7. HP: 32/32 MP: 13/13
  3504 | D:5      | Found a white marble altar of Elyvilon.
  3509 | D:5      | Noticed Edmund
  3693 | D:5      | Noticed Sigmund
  3699 | D:5      | Killed Sigmund
  3735 | D:5      | Reached skill level 7 in Stealth
  3747 | D:5      | Reached * piety under Wu Jian
  3779 | D:5      | Found a hide-covered altar of Uskayaw.
  3779 | D:5      | Noticed a +0 spear
  3780 | D:5      | Noticed a +0 dagger
  3780 | D:5      | Noticed a +0 short sword
  3784 | D:5      | Found a sand-covered staircase.
  3791 | Ossuary  | Entered an ossuary
  3791 | Ossuary  | Noticed a wraith
  3791 | Ossuary  | Noticed a wraith
  3791 | Ossuary  | Noticed a wraith
  4156 | Ossuary  | Noticed a wraith
  4203 | Ossuary  | Killed a wraith
  4204 | Ossuary  | Gained mutation: You have razor-sharp teeth. [Vine Stalker
                  | growth]
  4204 | Ossuary  | Reached XP level 8. HP: 36/36 MP: 12/15
  4208 | Ossuary  | Learned a level 3 spell: Dazzling Flash
  4292 | D:5      | Reached ** piety under Wu Jian
  4304 | D:5      | Noticed a +0 spear
  4304 | D:5      | Noticed Menkaure
  4304 | D:5      | Noticed a +0 falchion
  4305 | D:5      | Noticed a +0 short sword
  4308 | D:5      | Noticed a +0 falchion
  4310 | D:5      | Noticed a +0 dagger
  4510 | D:5      | Killed Edmund
  4511 | D:5      | Reached skill level 5 in Short Blades
  4511 | D:5      | Reached skill level 8 in Stealth
  4594 | D:5      | Reached skill level 5 in Hexes
  4797 | D:5      | Found a broken altar of Ashenzari.
  5007 | D:5      | Killed Menkaure
  5008 | D:5      | Reached skill level 9 in Stealth
  5094 | D:5      | Noticed Pikel
  5105 | D:5      | Killed Pikel
  5106 | D:5      | Reached skill level 5 in Spellcasting
  5106 | D:5      | Reached XP level 9. HP: 35/39 MP: 2/17
  5311 | D:6      | Noticed Maggie
  5580 | D:6      | Reached skill level 10 in Stealth
  5831 | D:6      | Found a snail-covered altar of Cheibriados.
  5886 | D:6      | Found a basalt altar of Yredelemnul.
  6105 | D:6      | Killed Maggie
  6359 | D:6      | Reached skill level 11 in Stealth
  6359 | D:6      | Reached XP level 10. HP: 44/44 MP: 11/19
  6642 | D:7      | Reached *** piety under Wu Jian
  7091 | D:7      | Found an iron altar of Okawaru.
  7251 | D:7      | Found a burning altar of Makhleb.
  7253 | D:7      | Found a shadowy altar of Dithmenos.
  7396 | D:7      | Found a runed translucent door.
  7397 | D:7      | Noticed Crazy Yiuf
  7403 | D:7      | Killed Crazy Yiuf
  7549 | D:3      | Killed GorkyZ's ghost
  7713 | D:8      | Reached skill level 12 in Stealth
  8192 | D:8      | Found a hazy altar of Hepliaklqana.
  8548 | D:8      | Found a sacrificial altar of Ru.
  8601 | D:8      | Reached XP level 11. HP: 60/60 MP: 22/22
  8659 | D:9      | Found a flagged portal.
  8751 | Bailey   | Entered a bailey
  8783 | Bailey   | Reached **** piety under Wu Jian
  8879 | Bailey   | Identified the +0 pair of boots of the Ageless Beggars
                  | {*Corrode rC++ Int-2 SInv}
  8886 | Bailey   | Noticed an orc knight
  8950 | Bailey   | Noticed an orc knight
  9061 | Bailey   | Killed an orc knight
  9080 | Bailey   | Killed an orc knight
  9142 | Bailey   | Found an iron altar of Okawaru.
  9285 | D:9      | Found a staircase to the Lair.
  9406 | D:9      | Reached XP level 12. HP: 55/65 MP: 23/23
  9554 | D:9      | Reached skill level 13 in Stealth
  9693 | D:9      | Found a faded altar of an unknown god.
  9693 | D:9      | Found a shimmering altar of Xom.
  9699 | D:9      | Found a shimmering blue altar of Sif Muna.
  9701 | D:9      | Found an opulent altar of Gozag.
  9703 | D:9      | Found a faded altar of an unknown god.
  9876 | D:10     | Entered Level 10 of the Dungeon
 10101 | D:10     | Noticed a two-headed ogre
 10105 | D:10     | Killed a two-headed ogre
 10187 | D:10     | Reached ***** piety under Wu Jian
 10216 | D:10     | Noticed a two-headed ogre
 10245 | D:9      | Killed a two-headed ogre
 10673 | D:10     | Found a stormy altar of Qazlal.
 10796 | D:10     | Identified the +6 flail "Gyod" {vorpal, rC+ rN+}
 11153 | D:10     | Reached skill level 14 in Stealth
 11274 | D:11     | Reached skill level 10 in Short Blades
 11274 | D:11     | Reached skill level 15 in Stealth
 11274 | D:11     | Reached XP level 13. HP: 69/69 MP: 24/26
 11364 | D:11     | Found a staircase to the Orcish Mines.
 11862 | D:11     | Noticed Grum
 12025 | D:11     | Killed Grum
 12782 | D:12     | Identified the +7 rapier of Modesty {speed, rF- Str+5 SInv}
 12831 | D:12     | Noticed Joseph
 12838 | D:12     | Killed Joseph
 12839 | D:12     | Reached XP level 14. HP: 74/74 MP: 26/28
 12886 | D:12     | Reached skill level 16 in Stealth
 13891 | Lair:1   | Entered Level 1 of the Lair of Beasts
 13964 | Lair:1   | Found a dark tunnel.
 13973 | Volcano  | Entered a volcano
 14290 | Volcano  | Found a radiant altar of Vehumet.
 14531 | Lair:1   | Found a runed translucent gate.
 14532 | Lair:1   | Found a runed translucent gate.
 14533 | Lair:1   | Found a runed translucent gate.
 14534 | Lair:1   | Noticed Bilamnug's ghost (journeyman HOFi)
 14535 | Lair:1   | Noticed kalagan's ghost (journeyman DECj)
 14535 | Lair:1   | Noticed kalagan's ghost (novice DEEE)
 14762 | Lair:1   | Reached skill level 17 in Stealth
 15128 | Lair:1   | Learned a level 3 spell: Summon Guardian Golem
 15218 | Lair:2   | Found a staircase to the Snake Pit.
 15227 | Lair:2   | Reached ****** piety under Wu Jian
 15228 | Lair:2   | Reached skill level 10 in Hexes
 15908 | Lair:3   | Found a staircase to the Swamp.
 15923 | Lair:3   | Reached skill level 10 in Spellcasting
 15943 | Lair:3   | Noticed Gastronok
 16208 | Lair:3   | Killed Gastronok
 16609 | Lair:3   | Reached skill level 18 in Stealth
 17033 | Lair:4   | Reached XP level 15. HP: 78/78 MP: 30/30
 17583 | Lair:4   | Reached skill level 19 in Stealth
 17955 | Orc:1    | Entered Level 1 of the Orcish Mines
 18213 | Orc:1    | Found a runed translucent door.
 18235 | Orc:1    | Found the +10 tower shield of Ignorance {rN+ Int-4}
 18321 | Orc:1    | Found a runed translucent door.
 18546 | Orc:2    | Entered Level 2 of the Orcish Mines
 18629 | Orc:2    | Noticed an orc warlord
 19172 | Orc:2    | Killed an orc warlord
 19879 | Orc:2    | Found a staircase to the Elven Halls.
 19899 | Orc:2    | Found Kucobeiw's Assorted Antiques.
 19981 | Orc:2    | Found Udunax's Book Boutique.
 19981 | Orc:2    | Found Foqagid's General Store.
 19984 | Orc:2    | Found Muarypiwn's Distillery.
 20446 | Lair:5   | Entered Level 5 of the Lair of Beasts
 21331 | D:9      | Identified the +11 hand axe "Xailowot" {flame, Fly rCorr}
 21537 | D:13     | Reached skill level 20 in Stealth
 21878 | D:13     | Found a gate to the Vaults.
 21880 | D:13     | Reached XP level 16. HP: 82/82 MP: 32/32
 22105 | D:13     | Learned a level 2 spell: Blink
 22236 | D:14     | Identified the +8 trident of the Ghost {venom, rPois}
 22745 | D:14     | Found Kyniujog's Island Escapes.
 22759 | D:14     | Bought a scroll of blinking for 127 gold pieces
 23044 | D:14     | Found Vuifudiu's General Store.
 23142 | D:15     | Entered Level 15 of the Dungeon
 23212 | D:15     | Found a staircase to the Depths.
 23290 | D:15     | Reached skill level 21 in Stealth
 23345 | D:15     | Found an ornate altar of the Wu Jian Council.
 24630 | Lair:5   | Found a viscous altar of Jiyva.
 24638 | Lair:5   | Found a staircase to the Slime Pits.
 25064 | Lair:5   | Identified the +1 glaive of Taogh {flame, rPois rN+ Str-5}
 25579 | Snake:1  | Entered Level 1 of the Snake Pit
 25947 | Snake:1  | Reached XP level 17. HP: 45/86 MP: 30/34
 26026 | Snake:1  | Reached skill level 22 in Stealth
 26499 | Snake:1  | Identified Roxanne's Spellbook of Grit
 26499 | Snake:1  | Noticed Roxanne
 27520 | Snake:2  | Noticed Jorgrun
 27820 | Snake:2  | Found a runed translucent door.
 28116 | Elf:1    | Entered Level 1 of the Elven Halls
 28320 | Swamp:1  | Entered Level 1 of the Swamp
 28596 | Swamp:1  | Paralysed by a hornet for 2 turns
 28658 | Swamp:1  | Identified the +5 great sword "Dragonslayer" {drain, rC+
                  | rN+ Dex+2}
 29192 | Swamp:1  | Learned a level 5 spell: Metabolic Englaciation
 29453 | Swamp:1  | Reached skill level 23 in Stealth
 29893 | Snake:2  | Found a sparkling altar of Nemelex Xobeh.
 29916 | Snake:2  | Noticed Azrael
 31127 | Elf:1    | You are sucked into a shaft and drop 1 floor!
 31323 | Elf:1    | Got Ereshkigal's Anthology of Arcane Weapons
 31338 | Elf:1    | Learned a level 4 spell: Fulminant Prism
 32315 | Snake:1  | Killed Roxanne
 32316 | Snake:1  | Reached XP level 18. HP: 54/91 MP: 12/36
 33089 | Swamp:2  | Noticed a tentacled monstrosity
 33090 | Swamp:2  | Killed a tentacled monstrosity
 33095 | Swamp:2  | Identified the +1 leather armour of the Lusting Gods {rElec
                  | rPois Int+3}
 33127 | Swamp:2  | Reached skill level 5 in Dodging
 33433 | D:9      | Identified a scroll of acquirement
 33434 | D:9      | Acquired the amulet "Russajiu" {Acrobat rC++ Str+3}
 33533 | Swamp:3  | Found a frozen archway.
 33581 | IceCv    | Entered an ice cave
 33599 | IceCv    | Reached skill level 1 in Armour
 34220 | IceCv    | Identified the ring of Fuuvipuq {Ice rN+}
 35118 | Swamp:3  | Learned a level 4 spell: Cause Fear
 35158 | Swamp:3  | Identified the +9 hand axe "Ejuce" {flame, rElec rF+ MP-9
                  | Dex+7}
 35568 | Slime:1  | Entered Level 1 of the Pits of Slime
 36025 | Elf:2    | Identified the +2 robe of Baldness {rC- Will+++ rCorr
                  | Stlth+}
 36040 | Elf:2    | Identified the +1 ring mail "Vinlih" {rN+}
 36113 | Elf:2    | HP: 3/80 [+4 dire flail of draining (26)]
 36113 | Elf:2    | Slain by a +4 dire flail of draining

Illustrated notes

Levels and vault maps discovered:
D:1:      lemuel_arrival_rhombus, layout_basic, columned_hall_lemuel,
          minmay_splitting_lines
D:2:      layout_basic, basic_ecumenical_altar
D:3:      layout_basic, lemuel_round_altar, fedhas_ov_isle_minmay,
          ebering_ghost_reflecting_pool, minmay_bisected
D:4:      layout_basic, temple_pool_b, dk_vineyard_3
D:5:      minmay_razor_zed, layout_basic, mainiacjoe_overflow_alcove_1,
          elyvilon_altar_5, nicolae_uskayaw_en_pointe, enter_ossuary_3,
          uniq_menkaure, uniq_pikel, uniq_sigmund, uniq_edmund
D:6:      layout_cave_pools, slow_altar_1, yredelemnul_altar_generic,
          minmay_misc_feat_doors, serial_bayou_pond_d, uniq_maggie
D:7:      layout_loops_ring, mainiacjoe_overflow_catwalk_spiral,
          general_overflow_altar, grunt_ministairs_7, kennysheep_generic_room_2,
          uniq_crazy_yiuf_cottage
D:8:      layout_loops_ring, nicolae_ru_great_annihilating_truth,
          nicolae_hepliaklqana_hazy_memory
D:9:      layout_roguey, chequers_temple_overflow_minitemple, lair_entry_dummy,
          enter_bailey_3, laboratory
D:10:     layout_basic, nicolae_qazlal_general_emergency, minmay_joined_circles
D:11:     wad_woods_structure_01, layout_rooms, david_orc_5, uniq_grum
D:12:     layout_basic, minmay_sticks_and_stones
D:13:     layout_rooms, grunt_vaults_entry_fortified
D:14:     cheibrodos_breeding_chamber, layout_rooms, serial_shops,
          kennysheep_mini, hex_tiny, small_statue_intersection, minivault_4,
          nicolae_island_escapes
D:15:     grunt_enter_depths_magical_seal, layout_irregular_city,
          nicolae_wu_jian_immortal_techniques
Temple:   corrupted_temple
Lair:1:   layout_regular_city, gammafunk_ghost_cemetery, enter_volcano_3,
          minmay_hedge_maze
Lair:2:   layout_loops_ring, minmay_snake_entry_six_corridors
Lair:3:   layout_misc_corridors, skrybe_swamp_entry_bodies, lemuel_fruit_tree,
          grunt_megastairs_2, serial_bayou_shore_a, infiniplex_staircase_pool,
          uniq_gastronok
Lair:4:   layout_loops_ring, hangedman_lair_generics_rect
Lair:5:   minmay_lair_end_enchanted_forest, layout_regular_city,
          dpeg_slime_entry_corner, serial_bayou, serial_bayou_pond_b,
          serial_bayou_lagoon_b, serial_bayou_crossing, serial_bayou_pond_e,
          chequers_serial_rivers_micro_d, st_stairs_5
Swamp:1:  nicolae_swamp_wrong_neighborhood, layout_basic_swamp,
          evilmike_swamp_ruin_house_1
Swamp:2:  nzn_winding_woodlands_small [nzn_winding_woodlands_5x15_crooked,
          nzn_winding_woodlands_center_lodge, nzn_winding_woodlands_5x15_eye],
          layout_basic_swamp, evilmike_swamp_ruin_house_6, swamp_pool1
Swamp:3:  layout_basic_swamp, portal_ice_cave_entry_ice_statue_two,
          hangedman_swamp_ruin_wall
Snake:1:  layout_concentric_octagons, nicolae_snake_springs, uniq_roxanne
Snake:2:  layout_gridlike, ebering_ghost_reflecting_pool, lemuel_oklob_altar,
          serial_bayou_shore_b, uniq_azrael, uniq_jorgrun
Slime:1:  layout_caves
Orc:1:    layout_caves, chequers_guarded_unrand_ignorance
Orc:2:    st_orc_rangers, layout_diamond_mine, minmay_orc_temple_a
Elf:1:    elf_arrival_002, layout_gridlike, minmay_elf_annihilation
Elf:2:    elven_hall_of_blades_hangedman_alternative
          [nicolae_vaults_blade_armed_guards], layout_gridlike, nrook_uturn,
          drop_trap, uniq_donald

Skill      XL: |  1  2  3  4  5  6  7  8  9 10 11 12 13 14 15 16 17 18 |
---------------+-------------------------------------------------------+-----
Short Blades   | 1 2 3 4 6 7 8 10 11 12 13 14 | 14.0
Stealth        | 4 5 6 7 9 11 12 15 18 20 21 23 | 23.6
Spellcasting   | 3 4 5 6 7 8 9 10 11 12 13 14 | 14.7
Hexes          | 4 5 6 7 8 9 10 11 12 13 14 | 14.9
Fighting       | 8 |  8.6
Dodging        | 4 6 |  6.5
Armour         | 3 |  3.4

Action                   |  1- 3 |  4- 6 |  7- 9 | 10-12 | 13-15 | 16-18 || total
-------------------------+-------+-------+-------+-------+-------+-------++-------
Melee: Dagger            |    91 |   154 |   249 |    22 |       |       ||   516
       Bite              |    16 |    39 |    75 |   150 |   278 |   427 ||   985
       Punch             |     2 |     3 |     5 |       |       |       ||    10
       Short sword       |       |       |       |   405 |   144 |       ||   549
       Rapier            |       |       |       |       |   709 |  1205 ||  1914
Throw: Dart              |       |       |       |    19 |     5 |       ||    24
       Throwing net      |       |       |       |     5 |       |       ||     5
 Cast: Ensorcelled Hiber |     8 |    13 |    25 |    52 |   185 |   221 ||   504
       Confusing Touch   |       |     1 |     8 |    22 |    51 |    82 ||   164
       Tukima's Dance    |       |       |    17 |    70 |   141 |    98 ||   326
       Summon Guardian G |       |       |       |       |     1 |    11 ||    12
       Fulminant Prism   |       |       |       |       |       |    29 ||    29
Invok: Lunge             |       |    11 |    39 |    35 |   142 |   172 ||   399
       Whirlwind         |       |       |     8 |    11 |    63 |    96 ||   178
       Serpent's Lash    |       |       |       |     2 |    10 |    31 ||    43
  Use: Scroll            |       |     5 |     5 |    18 |    12 |     9 ||    49
       Potion            |       |       |       |     2 |     2 |     2 ||     6
 Stab: Sleeping          |    11 |    18 |    32 |    36 |   172 |   198 ||   467
       Distracted        |       |     1 |     3 |     2 |       |     5 ||    11
       Confused          |       |     2 |     7 |    11 |    35 |    65 ||   120
Armor: Robe              |    23 |    16 |    37 |    57 |       |       ||   133
       Steam dragon scal |       |       |       |    23 |   212 |    96 ||   331
       Leather armour    |       |       |       |       |       |    27 ||    27
Dodge: Dodged            |    58 |    58 |    78 |   175 |   328 |   261 ||   958
       Repelled          |       |       |     1 |     3 |     4 |    24 ||    32
Block: Buckler           |       |       |       |    53 |    86 |    89 ||   228
